 Seeded DCSS version 0.30-a0-585-g93115170b9 (webtiles) character file.

Game seed: 20230101 (custom seed)

21326 purpskrrrp the Blocker (level 13, -3/108 HPs)
             Began as a Formicid Fighter on Jan 1, 2023.
             Was an Initiate of Gozag.
             Slain by a fire elemental (7 damage)
             ... led by Azrael
             ... on level 13 of the Dungeon.
             The game lasted 00:17:40 (13431 turns).

purpskrrrp the Blocker (Formicid Fighter)          Turns: 13431, Time: 00:17:41

Health: -3/108     AC: 13    Str: 33    XL:     13   Next: 19%
Magic:  13/13      EV:  9    Int:  7    God:    Gozag
Gold:   581        SH:  7    Dex: 13    Spells: 12/12 levels left

rFire   . . .      SeeInvis +    z - +4 broad axe (freeze)
rCold   . . .      Faith    +    c - +0 buckler
rNeg    . . .      Spirit   .    M - +0 chain mail of the Equinox {rElec Slay+5}
rPois   .          Reflect  .    (helmet unavailable)
rElec   +          Harm     .    (no cloak)
rCorr   .          Rampage  .    q - +0 pair of gloves
Will    +....                    (no boots) Stlth
                                 p - amulet of faith
HPRegen 0.38/turn                k - +6 ring of strength
MPRegen 0.13/turn                g - +4 ring of slaying

@: mighty, gold aura
A: permanent stasis, dig shafts and tunnels, antennae 3, four strong arms
a: Dig, Shaft Self, Renounce Religion, Potion Petition, Call Merchant, Bribe
Branch


You were on level 13 of the Dungeon.
You worshipped Gozag.
Gozag was pleased with you.
You visited 2 branches of the dungeon, and saw 14 of its levels.

You collected 2233 gold pieces.
You spent 909 gold pieces at shops.
You paid 743 gold pieces to Gozag.

Inventory:

Hand Weapons
 a - a +0 war axe
 z - a +4 broad axe of freezing (weapon)
Armour
 b - a +0 scale mail
 c - a +0 buckler (worn)
 o - a +1 plate armour
 q - a +0 pair of gloves (worn)
 M - the +0 chain mail of the Equinox (worn) {rElec Slay+5}
   (You bought it in a shop on level 11 of the Dungeon)

   Slay:      It affects your accuracy & damage with ranged weapons and melee
   (+5).
   rElec:     It insulates you from electricity.
Jewellery
 g - a +4 ring of slaying (right hand)
 k - a +6 ring of strength (left hand)
 l - a ring of flight
 p - an amulet of faith (around neck)
 x - a ring of wizardry
 y - a +4 ring of protection
 A - a ring of resist corrosion
 D - an amulet of regeneration
 R - a ring of willpower
Wands
 h - a wand of polymorph (7)
 w - a wand of mindburst (9)
 J - a wand of light (12)
 Q - a wand of charming (7)
Scrolls
 f - 2 scrolls of amnesia
 j - 2 scrolls of teleportation
 r - 2 scrolls of poison
 u - 2 scrolls of fear {unknown}
 B - 4 scrolls of noise
 C - 2 scrolls of fog
 I - a scroll of acquirement {unknown}
 L - 3 scrolls of silence
 O - a scroll of vulnerability {unknown}
 P - a scroll of torment {unknown}
Potions
 d - a potion of might
 e - 2 potions of ambrosia
 i - 2 potions of cancellation
 m - 3 potions of curing
 n - a potion of brilliance {unknown}
 s - a potion of heal wounds {unknown}
 t - 4 potions of lignification
 v - 2 potions of berserk rage {unknown}
 E - a potion of flight {unknown}
 F - 2 potions of resistance
 G - 2 potions of attraction
 H - a potion of haste {unknown}
 K - 3 potions of degeneration {unknown}
 N - 3 potions of magic
 S - 2 potions of mutation {unknown}


   Skills:
 + Level 12.1 Fighting
 + Level 10.9 Axes
 + Level 12.1 Armour
 + Level 14.2 Shields


You had 12 spell levels left.
You didn't know any spells.
Your spell library contained the following spells:

 Spells                   Type           Power      Damage    Failure   Level
 Apportation              Tloc           0%         N/A       86%         1
 Necrotise                Necr           0%         1d4       86%         1
 Sting                    Tmut/Pois      0%         1d3       86%         1
 Summon Small Mammal      Summ           0%         N/A       86%         1
 Ensorcelled Hibernation  Hex/Ice        0%         N/A       95%         2
 Passwall                 Tmut/Erth      0%         N/A       95%         2
 Poisonous Vapours        Pois/Air       0%         N/A       95%         2
 Scorch                   Fire           0%         2d5       95%         2
 Hailstorm                Conj/Ice       0%         3d3       99%         3
 Ignite Poison            Fire/Tmut/Pois 0%         N/A       99%         3
 Kindle Blastsparks       Fire/Tloc/Air  0%         2d10      99%         3
 Tukima's Dance           Hex            0%         N/A       99%         3
 Anguish                  Hex/Necr       0%         N/A       100%        4
 Flame Wave               Conj/Fire      0%         2d4       100%        4
 Ice Form                 Ice/Tmut       0%         N/A       100%        4
 Olgreb's Toxic Radiance  Pois           0%         N/A       100%        4
 Passage of Golubria      Tloc           0%         N/A       100%        4
 Summon Ice Beast         Ice/Summ       0%         N/A       100%        4
 Freezing Cloud           Conj/Ice/Air   0%         6-21      100%        5
 Summon Mana Viper        Hex/Summ       0%         N/A       100%        5
 Yara's Violent Unravell  Hex/Tmut       0%         3d3       100%        5
 Summon Cactus Giant      Summ           0%         N/A       100%        6
 Enfeeble                 Hex            0%         N/A       100%        7
 Monstrous Menagerie      Summ           0%         N/A       100%        7
 Swiftness                Air            Unusable   N/A       N/A         3
 Simulacrum               Ice/Necr       Unusable   N/A       N/A         6

Dungeon Overview and Level Annotations

Branches:
Dungeon (13/15)            Temple (1/1) D:7            Lair (0/5) D:8
    Orc (0/2) D:10
 Vaults: D:13-14

Altars:
Ashenzari
Cheibriados
Dithmenos
Elyvilon
Fedhas
Gozag
Hepliaklqana
Kikubaaqudgha
Makhleb
Nemelex Xobeh
Okawaru
Qazlal
Ru
Sif Muna
Trog
Uskayaw
Vehumet
Wu Jian
Xom
Yredelemnul
Zin
The Shining One

Shops:
D:1 (   D:2 :   D:11 ?[

Annotations:
D:13 Azrael


Innate Abilities, Weirdness & Mutations

You cannot be hasted, slowed, berserked, paralysed or teleported.
You can dig through walls and to a lower floor.
You have a pair of large antennae on your head. (SInv)
Your four strong arms can wield two-handed weapons with a shield.


Message History

You are too injured to fight recklessly!
You are too injured to fight recklessly!
You are too injured to fight recklessly!
You are too injured to fight recklessly!
You are too injured to fight recklessly!
You are too injured to fight recklessly!
You are too injured to fight recklessly!
You feel very mighty all of a sudden. The hell hound breathes flames at you.
The blast of flame hits the fire elemental.
The fire elemental completely resists.
The blast of flame hits the fire elemental.
The fire elemental completely resists.
The blast of flame hits Azrael.
Azrael completely resists.
The blast of flame hits you!
* * * LOW HITPOINT WARNING * * *
The fire elemental is distracted by your dazzling golden aura.
Azrael gestures at you. The sticky flame hits you.
You are covered in liquid flames!
* * * LOW HITPOINT WARNING * * *
You slice Azrael!! You freeze Azrael!
Azrael is severely wounded.
You slash the fire elemental! You freeze the fire elemental.
You destroy the fire elemental!
You are covered in liquid flames!
* * * LOW HITPOINT WARNING * * *
Azrael gestures at you. The bolt of fire misses you.
The fire elemental hits you. The fire elemental burns you!
* * * LOW HITPOINT WARNING * * *
You feel better.
You are covered in liquid flames!
* * * LOW HITPOINT WARNING * * *
The hell hound breathes flames at you.
The blast of flame hits the fire elemental.
The fire elemental completely resists.
The blast of flame hits Azrael.
Azrael completely resists.
The blast of flame misses you. The fire elemental hits you.
The fire elemental burns you!
You die...
Your body crumbles into a pile of gold.

#.........# #........>#
#.........# #.........#
#.....)...# #.........#
#
#.........###########.=.
#.....................#
..#######..##...@R###
#.## #..#######EEh.E#
#..## ...## ###h○..
##..#.### ☼... .<.......
☼ . $ ....##### ###...#
##.# .#


You could see Azrael, 3 fire elementals and 2 hell hounds.

Vanquished Creatures
  An ogre mage (D:12)
  2 centaur warriors (D:12)
  2 two-headed ogres
  4 boulder beetles
  A deep elf zephyrmancer (D:13)
  2 manticores
  An ugly thing (D:11)
  6 cyclopes
  A gargoyle (D:12)
  An unseen horror (D:12)
  Psyche (D:10)
  2 komodo dragons
  A troll (D:12)
  A troll (shapeshifter) (D:12)
  11 slime creatures (D:12)
  2 wraiths
  A wyvern (D:10)
  25 yaks
  A basilisk (D:12)
  7 vampire mosquitoes
  2 fire elementals (D:13)
  2 two-headed ogre zombies (D:10)
  A hell hound (D:13)
  An acid dragon (D:12)
  A water moccasin (D:5)
  2 ice beasts
  A sky beast (D:7)
  An ogre (D:6)
  3 centaurs
  4 kobold brigands
  3 phantoms
  2 bullfrogs (D:9)
  A necrophage (D:6)
  2 scorpions
  4 killer bees (D:8)
  3 troll zombies (D:10)
  2 howler monkeys
  2 orc priests
  A hound (D:4)
  4 jellies
  4 iguanas
  13 orc wizards
  3 ogre zombies (D:10)
  4 gnolls (D:6)
  9 adders
  2 shadow imps
  A white imp (D:7)
  An ufetubus (D:5)
  A worm (D:3)
  3 dart slugs (D:2)
  27 orcs
  5 ball pythons
  6 bats
  8 endoplasms
  2 giant cockroaches
  5 goblins
  5 hobgoblins
  23 kobolds
  A quokka (D:2)
  6 frilled lizards
  2 goblin skeletons (D:10)
  3 goblin zombies (D:10)
  2 hobgoblin skeletons (D:10)
  2 hobgoblin zombies (D:10)
  An orc skeleton (D:10)
  15 orc zombies (D:10)
  4 rats
273 creatures vanquished.

Vanquished Creatures (others)
  3 plants (D:12)
3 creatures vanquished.

Grand Total: 276 creatures vanquished

Notes
Turn   | Place    | Note
-------+----------+-------------------------------------------
     0 | D:1      | purpskrrrp the Formicid Fighter began the quest for the
                  | Orb.
     0 | D:1      | Reached XP level 1. HP: 18/18 MP: 1/1
    49 | D:1      | Reached XP level 2. HP: 22/24 MP: 2/2
   146 | D:1      | Found Coskaan's Antique Weapon Boutique.
   530 | D:1      | Reached XP level 3. HP: 28/29 MP: 3/3
   749 | D:2      | Reached XP level 4. HP: 37/37 MP: 4/4
   878 | D:2      | Found Foussoh's Book Shoppe.
  1587 | D:3      | Reached XP level 5. HP: 42/42 MP: 5/5
  1906 | D:4      | Reached skill level 5 in Shields
  3185 | D:4      | Noticed a kobold brigand
  3190 | D:4      | Killed a kobold brigand
  3191 | D:4      | Reached XP level 6. HP: 48/49 MP: 6/6
  3463 | D:5      | Entered Level 5 of the Dungeon
  3775 | D:5      | Reached skill level 5 in Fighting
  3775 | D:5      | Reached skill level 5 in Armour
  3775 | D:5      | Reached skill level 6 in Shields
  3775 | D:5      | Reached XP level 7. HP: 50/56 MP: 7/7
  4059 | D:5      | Noticed a water moccasin
  4071 | D:5      | Killed a water moccasin
  4580 | D:6      | Reached XP level 8. HP: 63/63 MP: 8/8
  4850 | D:6      | Reached skill level 7 in Shields
  5534 | D:6      | Reached skill level 5 in Axes
  6325 | D:7      | Found a staircase to the Ecumenical Temple.
  6334 | Temple   | Entered the Ecumenical Temple
  6572 | Temple   | Became a worshipper of Gozag Ym Sagoz the Greedy
  6732 | D:8      | Noticed a yak
  6732 | D:8      | Noticed a yak
  6732 | D:8      | Noticed a yak
  6732 | D:8      | Noticed a yak
  6732 | D:8      | Noticed a yak
  6739 | D:8      | Killed a yak
  6740 | D:8      | Reached skill level 8 in Shields
  6740 | D:8      | Reached XP level 9. HP: 40/71 MP: 9/9
  6867 | D:8      | Found a staircase to the Lair.
  6901 | D:8      | Reached skill level 9 in Shields
  6924 | D:8      | Noticed a two-headed ogre
  7219 | D:8      | Killed a two-headed ogre
  7220 | D:8      | Reached XP level 10. HP: 80/80 MP: 10/10
  7751 | D:8      | Found a glowing silver altar of Zin.
  7770 | D:8      | Found a white marble altar of Elyvilon.
  7770 | D:8      | Found a snail-covered altar of Cheibriados.
  7770 | D:8      | Found a blossoming altar of Fedhas.
  7777 | D:8      | Found an ancient bone altar of Kikubaaqudgha.
  7781 | D:8      | Found a shimmering blue altar of Sif Muna.
  8560 | D:9      | Reached skill level 10 in Shields
  9279 | D:10     | Entered Level 10 of the Dungeon
  9458 | D:10     | Noticed Psyche
  9465 | D:10     | Killed Psyche
  9471 | D:10     | Reached XP level 11. HP: 89/89 MP: 11/11
  9538 | D:10     | Found a staircase to the Orcish Mines.
  9549 | D:10     | Reached skill level 11 in Shields
 10101 | D:10     | Reached skill level 10 in Armour
 10244 | D:10     | Reached skill level 10 in Fighting
 10458 | D:11     | Noticed a two-headed ogre
 10467 | D:11     | Killed a two-headed ogre
 10631 | D:11     | Found Tani's Magic Scroll Emporium.
 10636 | D:11     | Bought a scroll of enchant weapon for 97 gold pieces
 10636 | D:11     | Bought a scroll of brand weapon for 123 gold pieces
 10636 | D:11     | Bought a scroll of enchant armour for 97 gold pieces
 10672 | D:11     | Reached skill level 12 in Shields
 10707 | D:11     | Noticed a boulder beetle
 10719 | D:11     | Killed a boulder beetle
 10785 | D:11     | Noticed a manticore
 10791 | D:11     | Killed a manticore
 10812 | D:11     | Noticed a cyclops
 10819 | D:11     | Killed a cyclops
 11498 | D:12     | Noticed a boulder beetle
 11506 | D:12     | Killed a boulder beetle
 11623 | D:12     | Noticed a boulder beetle
 11644 | D:12     | Killed a boulder beetle
 11645 | D:12     | Reached XP level 12. HP: 97/99 MP: 12/12
 12045 | D:12     | Reached skill level 13 in Shields
 12056 | D:12     | Reached skill level 10 in Axes
 12477 | D:11     | Bought the +0 chain mail of the Equinox {rElec Slay+5} for
                  | 592 gold pieces
 12804 | D:12     | Identified the +8 short sword "Lokk" {chaos, Fly}
 12890 | D:12     | Noticed a boulder beetle
 12902 | D:12     | Killed a boulder beetle
 12987 | D:12     | Noticed a centaur warrior
 12992 | D:12     | Killed a centaur warrior
 13059 | D:12     | Noticed a centaur warrior
 13066 | D:12     | Killed a centaur warrior
 13201 | D:12     | Noticed an ogre mage
 13208 | D:12     | Killed an ogre mage
 13209 | D:12     | Reached XP level 13. HP: 93/107 MP: 13/13
 13288 | D:12     | Reached skill level 14 in Shields
 13423 | D:13     | Noticed Azrael
 13430 | D:13     | HP: 1/108 [fire elemental[Azrael] (11)]
 13431 | D:13     | Slain by a fire elemental

Illustrated notes

Levels and vault maps discovered:
D:1:      spicycebolla_arrival_ecumenical, layout_basic, serial_shops,
          nicolae_shop_behind_doors
D:2:      layout_rooms, serial_shops, nicolae_lakefront_shop,
          dreamdust_princess_corridor, wander_ebering_terrifying_dragon_lair
D:3:      minmay_general_purpose_star, layout_basic,
          minmay_randomly_rotated_circles
D:4:      layout_basic, bh_walls_and_bars
D:5:      layout_basic
D:6:      layout_basic, minmay_a_box_with_orc_wizards_in_it
D:7:      layout_cave_pods, minmay_temple_entry_enclosed_plants
D:8:      layout_basic, minmay_overflow_temple_hex, lair_entry_dummy
D:9:      layout_basic
D:10:     layout_irregular_city, zombieorc2_lemuel, uniq_psyche
D:11:     layout_layer_cave, serial_shops, nicolae_shop_hallway_plus
D:12:     layout_rooms, minmay_shattered_shrine
D:13:     layout_rooms, grunt_vaults_entry_fortified, trove_entry_hex_spiral,
          uniq_azrael, uniq_kirke
Temple:   nicolae_temple_slightly_damp_pantheon

Skill      XL: |  1  2  3  4  5  6  7  8  9 10 11 12 13 |
---------------+----------------------------------------+-----
Armour         | 4 5 6 8 9 10 11 12 | 12.1
Fighting       | 4 5 6 8 9 10 11 12 | 12.1
Axes           | 3 4 5 6 8 9 10 | 10.9
Shields        | 5 6 8 9 10 12 13 14 | 14.2

Action                   |  1- 3 |  4- 6 |  7- 9 | 10-12 | 13-15 || total
-------------------------+-------+-------+-------+-------+-------++-------
Melee: War axe           |    67 |    67 |       |       |       ||   134
       Broad axe         |       |    29 |   123 |   337 |    20 ||   509
Invok: Call Merchant     |       |       |       |     1 |       ||     1
Evoke: Wand              |       |       |     6 |       |       ||     6
  Use: Scroll            |       |    12 |     7 |     8 |       ||    27
       Potion            |       |       |     3 |     2 |     2 ||     7
 Stab: Distracted        |       |       |       |     3 |       ||     3
Armor: Scale mail        |    26 |       |       |       |       ||    26
       Plate armour      |     5 |    48 |   101 |   133 |       ||   287
       Skin              |       |       |       |     3 |       ||     3
       Chain mail        |       |       |       |    14 |     7 ||    21
Dodge: Dodged            |    30 |    27 |    57 |   125 |    11 ||   250
Block: Buckler           |    22 |    27 |    45 |   117 |     4 ||   215

Table legend: (Time is in decaauts)
 A = Elapsed time spent in this place.
 B = Non-inter-level travel time spent in this place.
 C = Inter-level travel time spent in this place.
 D = Time resting spent in this place.
 E = Time spent auto-exploring this place.
 F = Levels seen in this place.
 G = Mean time per level.
                   A        B        C        D        E       F      G
               +--------+--------+--------+--------+--------+-----+--------+
         Total |  13604 |  13232 |    372 |   2592 |   8693 |  14 |  971.7 |
       Dungeon |  13355 |  12992 |    363 |   2592 |   8546 |  13 | 1027.3 |
        Temple |    248 |    239 |      9 |      0 |    147 |   1 |  248.0 |
               +--------+--------+--------+--------+--------+-----+--------+

Top non-repeatable levels by time:
    D:11: 1835 daAuts
     D:4: 1571 daAuts
     D:5: 1379 daAuts
     D:7: 1239 daAuts
     D:8: 1182 daAuts
    D:10: 1182 daAuts
    D:12: 1097 daAuts
     D:9: 1027 daAuts
     D:6: 812 daAuts
     D:3: 747 daAuts
     D:1: 610 daAuts
     D:2: 587 daAuts
  Temple: 248 daAuts
    D:13: 82 daAuts
